Map: King's Cove LE

Players

souL - Winner!

  • Race: Terran Terran
  • Spawn Location: 5:00

Bly

  • Race: Zerg Zerg
  • Spawn Location: 11:00

Event: 2019 WCS Summer

VOD

Have the link to the VOD?

Description

Time

  • Played on: July 12, 2019, 9:55 a.m.
  • Length: 39:01

All games in this series

Show
View Real Time Build Order
Export as new Build Order

souL Terran - Winner!

Build Orders: Hellion Opening, Reaper Expand 

Get SALT Encoding   

  12  0:00  SCV  
  13  0:12  SCV  
  14  0:17  Supply Depot  
  14  0:24  SCV  
  15  0:39  SCV  
  15  0:40  Barracks  
  16  0:44  Refinery  
  16  0:51  SCV  
  17  1:03  SCV  
  18  1:16  SCV  
  19  1:27  Reaper  
  19  1:28  Orbital Command  
  20  1:42  Command Center  
  20  1:52  Supply Depot  
  20  1:54  SCV  
  20  1:59  Marine  
  22  2:06  SCV  
  23  2:10  Factory  
  23  2:18  SCV  
  23  2:22  Barracks Reactor  
  24  2:30  SCV  
  25  2:41  Command Center  
  25  2:43  SCV  
  26  2:55  Orbital Command  
  27  3:03  Hellion  
  30  3:05  Hellion  
  30  3:07  Barracks Tech Lab  
  30  3:10  SCV  
  30  3:21  SCV  
  30  3:22  SCV  
  30  3:25  Hellion  
  33  3:33  SCV  
  35  3:34  SCV  
  35  3:35  Barracks Tech Lab  
  35  3:37  Hellion  
  37  3:45  SCV  
  37  3:46  SCV  
  39  3:52  Hellion  
  39  3:53  Stimpack, Marine  
  42  3:58  SCV x2, Hellion  
  42  4:01  Orbital Command  
  46  4:05  Starport  
  46  4:10  SCV  
  46  4:11  Marine, Refinery  
  46  4:12  SCV  
  49  4:22  SCV  
  49  4:24  SCV  
  49  4:25  Factory Reactor  
  49  4:27  Barracks  
  49  4:28  SCV  
  49  4:30  Marine  
  52  4:32  Barracks  
  52  4:34  SCV  
  52  4:37  SCV  
  54  4:40  Refinery, SCV  
  54  4:41  Refinery  
  54  4:43  Starport Reactor  
  55  4:45  Supply Depot  
  55  4:46  SCV  
  55  4:47  Supply Depot  
  55  4:49  SCV  
  55  4:52  SCV  
  58  4:59  Engineering Bay, SCV  
  59  5:00  Marine, Engineering Bay  
  59  5:01  SCV  
  59  5:04  SCV  
  60  5:11  SCV  
  60  5:12  Supply Depot  
  60  5:13  SCV  
  62  5:16  Marine x2, SCV  
  62  5:18  Marine  
  67  5:27  SCV  
  63  5:34  Marine x2  
  63  5:36  Marine, Terran Infantry Weapons Level 1  
  63  5:40  SCV, Terran Infantry Armor Level 1  
  65  5:44  Marine  
  65  5:45  Marine  
  65  5:48  Medivac x2  
  71  5:51  SCV  
  71  5:52  Orbital Command, Marine, SCV  
  74  5:58  Supply Depot x2  
  74  5:59  Combat Shield  
  74  6:02  Marine  
  74  6:03  Marine x3, SCV  
  79  6:05  SCV  
  79  6:11  Marine  
  80  6:15  Siege Tank, SCV  
  80  6:17  SCV  
  85  6:20  Marine x3, SCV  
  89  6:28  SCV  
  89  6:29  Marine x2, SCV  
  89  6:30  Medivac x2  
  89  6:32  SCV  
  98  6:35  Supply Depot  
  98  6:36  Supply Depot  
  98  6:40  SCV  
  98  6:41  SCV  
  98  6:42  Marine  
  98  6:46  Supply Depot  
  101  6:56  Supply Depot  
  101  6:57  Siege Tank, Marine x3, SCV x2  
  101  6:58  SCV  
  101  7:01  Marine x2  
  111  7:09  SCV  
  111  7:14  Marine x3  
  113  7:17  Barracks  
  113  7:19  Barracks, Marine x2  
  109  7:26  SCV  
  109  7:29  Siege Tank  
  113  7:30  Armory  
  113  7:31  Supply Depot  
  113  7:32  Marine x3  
  113  7:35  Supply Depot, Medivac x2  
  113  7:36  Marine  
  113  7:37  Marine  
  122  7:46  Command Center  
  122  7:50  Marine x3  
  125  7:54  Marine x2  
  125  7:56  Factory  
  127  7:58  Supply Depot  
  127  8:01  Siege Tank  
  127  8:04  Marine  
  131  8:08  Marine x3  
  131  8:09  Marine  
  131  8:12  Marine x2  
  131  8:22  Marine  
  131  8:26  Marine x3  
  135  8:27  Marine, SCV  
  135  8:29  SCV  
  135  8:30  Marine x2  
  139  8:40  Marine  
  137  8:43  Marine x3  
  137  8:45  Marine  
  137  8:48  Marine x2  
  134  8:53  SCV  
  128  8:58  Marine  
  128  9:01  Marine x3  
  128  9:03  Marine  
  128  9:06  Factory Reactor, Marine x2  
  128  9:16  Terran Infantry Weapons Level 2, Marine  
  127  9:18  Refinery x2  
  127  9:19  Marine x3  
  127  9:21  Marine, Medivac  
  127  9:23  Marine  
  127  9:24  Marine  
  135  9:34  SCV x3  
  135  9:36  Missile Turret  
  135  9:37  Marine x3, Missile Turret  
  135  9:38  Drilling Claws, Missile Turret  
  141  9:40  Barracks Reactor  
  141  9:41  Marine x2, Barracks Reactor  
  141  9:42  Barracks Tech Lab  
  141  9:44  Widow Mine x2  
  146  9:46  SCV x2  
  146  9:48  Planetary Fortress  
  146  9:49  SCV  
  149  9:54  Missile Turret  
  149  9:55  Marine  
  149  9:58  SCV x2  
  152  10:01  SCV  
  152  10:02  Medivac x2  
  152  10:04  Widow Mine  
  152  10:05  Widow Mine  
  154  10:10  SCV x2  
  154  10:11  Widow Mine  
  154  10:13  SCV, Terran Infantry Armor Level 2  
  158  10:21  Missile Turret x2  
  158  10:22  SCV  
  158  10:25  Marine  
  158  10:26  Sensor Tower  
  162  10:35  Medivac x2  
  156  10:39  Widow Mine  
  156  10:40  Thor  
  158  10:46  Widow Mine  
  154  10:52  Missile Turret  
  155  10:59  Marauder x2, Marine x6  
  155  11:00  Widow Mine  
  162  11:05  Medivac  
  164  11:15  Barracks x2, Terran Vehicle And Ship Armor Level 1, Supply Depot  
  164  11:16  Barracks, Concussive Shells, Supply Depot  
  164  11:21  Supply Depot x2  
  164  11:36  Marine x2  
  164  11:37  Marine x3, Marauder, Widow Mine x2  
  164  11:38  Marauder  
  177  11:43  Thor  
  183  11:48  Medivac x2  
  183  11:52  Marine  
  188  11:54  Marine  
  188  11:58  Marauder, Widow Mine  
  188  11:59  Marauder  
  193  12:11  Widow Mine  
  193  12:14  Terran Infantry Weapons Level 3, Command Center  
  193  12:15  Marine  
  196  12:18  Command Center  
  196  12:22  Medivac  
  196  12:23  Marauder  
  196  12:24  Marine x2  
  196  12:25  Marine  
  196  12:26  Barracks Tech Lab x2  
  196  12:27  Marine, Barracks Tech Lab  
  196  12:28  Marauder  
  193  12:31  Medivac  
  191  12:44  Marauder  
  191  12:47  Marauder, Marine  
  191  12:48  Terran Infantry Armor Level 3  
  191  12:49  Marauder  
  196  12:52  Medivac  
  196  12:58  Starport  
  188  13:00  Starport  
  188  13:01  Marine, Medivac  
  188  13:02  Marine  
  188  13:03  Marine x3  
  188  13:04  Marine  
  195  13:05  Marauder  
  195  13:06  Marine  
  195  13:07  Marine  
  195  13:08  Marine  
  195  13:11  Marauder  
  193  13:17  Widow Mine  
  193  13:19  Reaper  
  193  13:20  Marine  
  196  13:33  Widow Mine  
  200  13:41  Marine  
  199  13:47  Missile Turret x2  
  196  13:48  Marine  
  196  13:49  Marine x3  
  196  13:50  Marine x2, Missile Turret  
  196  13:53  Marine  
  196  13:54  Marine  
  196  13:55  Liberator  
  187  13:56  Marine  
  187  13:58  Liberator x3  
  185  14:04  Marine x2  
  174  14:17  Fusion Core  
  174  14:23  SCV x4  
  171  14:34  Orbital Command  
  171  14:35  SCV x4  
  171  14:38  Liberator  
  175  14:41  Liberator x2  
  175  14:42  Widow Mine  
  175  14:44  Missile Turret  
  177  14:47  SCV x2, Planetary Fortress  
  177  14:51  SCV  
  180  14:53  SCV  
  180  14:59  SCV x2  
  190  15:01  Widow Mine  
  190  15:04  Liberator  
  190  15:05  Supply Depot  
  191  15:08  SCV  
  191  15:12  SCV  
  189  15:21  Liberator  
  189  15:24  Liberator, SCV  
  189  15:34  Marine  
  187  15:43  Marauder, Marine  
  187  15:44  Marauder, Marine x3  
  193  15:50  Marine  
  193  15:54  Marine  
  172  15:57  Liberator  
  172  16:03  Widow Mine  
  158  16:07  SCV x6  
  157  16:16  Widow Mine x2  
  157  16:19  Marauder x5, SCV x6  
  173  16:31  Ghost Academy, Widow Mine, SCV x3  
  173  16:32  Supply Depot  
  178  16:37  Starport Tech Lab, Starport Reactor  
  178  16:38  Terran Ship Weapons Level 1  
  178  16:42  SCV  
  178  16:43  Command Center  
  179  16:48  Widow Mine  
  179  16:49  Neosteel Armor  
  179  16:52  Refinery  
  179  16:53  Refinery  
  181  16:55  Liberator  
  181  16:57  Marauder  
  183  17:03  Marauder x4, Marine  
  183  17:05  Marine x5  
  196  17:16  Refinery x2  
  196  17:18  Marauder, Advanced Ballistics  
  196  17:21  Marine  
  199  17:23  Marine  
  199  17:25  Marauder  
  199  17:32  SCV, Command Center  
  200  17:48  Sensor Tower  
  200  17:49  Missile Turret  
  200  17:50  Missile Turret  
  200  18:06  Missile Turret  
  200  18:07  Missile Turret, Sensor Tower  
  200  18:09  Missile Turret  
  200  18:15  Planetary Fortress  
  200  18:20  Refinery  
  200  18:22  Hi-Sec Auto Tracking  
  200  18:23  Command Center x2  
  200  18:24  Supply Depot  
  200  18:25  Liberator  
  189  18:27  Ghost x5  
  189  18:32  Liberator  
  166  18:48  Liberator  
  166  18:49  Liberator  
  166  18:50  Liberator  
  166  18:54  Personal Cloaking  
  169  18:56  Ghost x2  
  169  18:57  Marauder  
  181  19:22  Ghost x3  
  186  19:24  Ghost  
  186  19:27  Widow Mine  
  188  19:48  Terran Ship Weapons Level 2  
  188  19:49  Ghost Academy  
  188  19:50  Ghost Academy x2  
  186  19:59  Planetary Fortress  
  180  20:00  Missile Turret, Sensor Tower  
  180  20:05  Viking x3  
  182  20:07  Viking  
  182  20:12  Orbital Command x2  
  182  20:14  Liberator  
  184  20:21  Nuke x2  
  184  20:26  Refinery x2  
  184  20:42  Command Center  
  184  20:46  Ghost x2  
  179  20:59  Viking  
  179  21:00  Viking x3  
  187  21:07  Ghost  
  174  21:27  Marine  
  174  21:28  Marauder x4  
  174  21:30  Marine  
  182  21:36  Marauder  
  182  21:40  Marine  
  182  21:44  Marine x3  
  182  21:45  Marine  
  182  21:46  Nuke x4  
  185  21:48  Marine, Command Center  
  185  21:49  Marauder x4  
  185  21:52  Viking x4  
  199  21:58  Marine  
  198  22:10  Marauder  
  195  22:31  Marauder x2, Marine  
  200  22:42  Liberator  
  200  22:44  Orbital Command  
  200  22:45  Orbital Command  
  197  23:04  Liberator  
  198  23:05  Orbital Command  
  198  23:08  Orbital Command, Command Center  
  198  23:10  Liberator, Command Center, Supply Depot  
  198  23:13  Command Center  
  198  23:15  Nuke  
  195  23:22  Liberator  
  196  23:31  Liberator  
  190  23:41  Liberator  
  190  23:43  Ghost x2  
  197  24:00  Command Center  
  194  24:03  Ghost x3  
  196  24:26  Medivac  
  196  24:27  Medivac  
  196  24:32  Nuke x2  
  193  24:54  Marauder, Marine  
  193  24:59  Marauder x2, Marine  
  191  25:08  Orbital Command  
  191  25:10  Nuke  
  191  25:11  Nuke  
  194  25:24  Ghost x4  
  194  25:27  Missile Turret x2, Medivac  
  194  25:28  Missile Turret, Medivac  
  183  26:02  Viking  
  185  26:07  Ghost x5  
  195  26:17  Barracks  
  185  26:36  Marine, Ghost x5  
  185  26:37  Marine x2  
  176  26:59  Marine  
  176  27:04  Ghost, Nuke x3  
  176  27:05  Ghost x4  
  186  27:24  Marine  
  186  27:27  Marine  
  184  27:33  Ghost x5  
  194  27:41  Marine  
  190  28:01  Ghost  
  190  28:02  Marauder x2, Ghost x2  
  190  28:03  Command Center  
  190  28:04  Supply Depot  
  200  28:13  Nuke  
  199  28:30  Ghost  
  199  28:40  Marine  
  200  28:45  Nuke x2  
  196  29:06  Sensor Tower  
  196  29:21  Marauder x2  
  196  29:23  Planetary Fortress  
  199  29:37  Marauder  
  196  29:49  Marauder, Marine  
  196  29:52  Supply Depot  
  190  30:01  Marauder x4, Marine x2  
  200  30:22  Orbital Command  
  200  30:26  Refinery  
  200  30:27  Refinery  
  200  30:28  Command Center  
  200  30:51  Missile Turret  
  200  30:54  Missile Turret  
  193  31:07  Marine  
  193  31:08  Marauder  
  193  31:15  Marauder  
  193  31:17  Marine  
  194  31:28  Viking x3  
  194  31:57  Marauder, Marine  
  186  32:13  Marauder x4, Marine x5  
  186  32:14  Marine  
  186  32:18  Marauder  
  199  32:38  Nuke  
  199  32:39  Nuke x2  
  199  32:47  Medivac  
  199  32:48  Medivac x4  
  196  33:01  Marauder, Marine  
  199  33:17  Medivac x2  
  195  33:47  Medivac x2  
  193  33:57  Marauder, Marine  
  194  34:29  Missile Turret  
  185  34:50  Nuke  
  185  34:51  Nuke x2  
  185  35:14  Marauder x5  
  193  35:24  Marine x5  
  198  35:30  Command Center  
  196  36:05  Command Center x2  
  196  36:09  Command Center  
  196  36:36  Sensor Tower, Missile Turret x2  
  196  36:38  Missile Turret  
  196  36:39  Nuke  
  194  36:41  Missile Turret  
  180  37:28  Viking x4  
  180  37:29  Viking  
  162  37:40  Ghost x5  
  146  37:49  Nuke  
  142  37:58  Viking x4  
  143  38:08  Ghost, Nuke  
  143  38:09  Ghost x4  
  147  38:19  Refinery  
  147  38:20  Refinery  
  147  38:30  Viking x5  
Show
View Real Time Build Order
Export as new Build Order

Bly Zerg 

Build Orders: Hatch First, Muta Ling Bane 

Get SALT Encoding   

  12  0:01  Drone  
  13  0:12  Overlord  
  13  0:18  Drone  
  14  0:31  Drone x2  
  16  0:50  Hatchery  
  16  0:54  Drone  
  16  0:57  Drone  
  16  1:02  Drone  
  18  1:12  Extractor  
  18  1:16  Spawning Pool  
  16  1:20  Drone  
  16  1:24  Drone  
  18  1:31  Drone  
  19  1:39  Drone  
  20  1:49  Overlord  
  20  2:02  Queen x2  
  20  2:03  Zergling x2  
  20  2:04  Zergling x2  
  26  2:11  Drone  
  26  2:12  Drone  
  28  2:16  Metabolic Boost  
  28  2:30  Drone x2  
  30  2:39  Hatchery  
  29  2:46  Drone x2  
  29  2:47  Drone  
  32  2:51  Overlord  
  32  2:59  Queen  
  32  3:03  Drone x2  
  36  3:14  Overlord  
  35  3:21  Drone x5  
  40  3:28  Drone x2  
  41  3:34  Queen  
  41  3:38  Overlord  
  43  3:46  Zergling x2  
  44  3:50  Zergling x4  
  44  3:52  Queen  
  44  3:54  Zergling x8  
  52  3:59  Overlord  
  52  4:08  Drone x2  
  54  4:15  Drone x2  
  56  4:21  Drone x2  
  58  4:26  Drone x4  
  58  4:28  Evolution Chamber  
  58  4:30  Evolution Chamber  
  60  4:36  Overlord  
  60  4:37  Overlord  
  60  4:40  Overlord  
  60  4:41  Drone  
  60  4:42  Drone x3  
  60  4:43  Overlord  
  64  4:49  Overlord  
  63  4:54  Drone  
  63  4:55  Drone x6  
  70  5:06  Drone x3  
  73  5:07  Zerg Melee Weapons Level 1  
  73  5:09  Extractor  
  73  5:10  Extractor  
  73  5:13  Hatchery  
  70  5:18  Extractor  
  70  5:19  Zergling x12  
  75  5:27  Zergling x14  
  79  5:34  Lair  
  77  5:36  Extractor  
  77  5:39  Drone x3, Baneling Nest  
  77  5:42  Extractor  
  76  5:46  Drone x2  
  76  5:47  Drone  
  79  5:56  Drone x5  
  84  6:02  Hatchery  
  82  6:08  Drone x6  
  87  6:21  Drone x8  
  94  6:33  Zergling x8  
  94  6:35  Centrifical Hooks  
  94  6:37  Zerg Ground Armor Level 1  
  94  6:38  Zergling x2  
  94  6:39  Zergling x4  
  101  6:40  Baneling x5  
  101  6:43  Zergling x2  
  101  6:46  Zergling x6  
  105  6:48  Zergling x12  
  105  6:51  Spore Crawler  
  105  6:52  Spore Crawler  
  105  6:53  Zergling x4  
  107  7:13  Drone x5  
  112  7:18  Overlord  
  112  7:20  Overlord  
  112  7:21  Overlord  
  109  7:23  Overlord  
  106  7:30  Zerg Melee Weapons Level 2  
  106  7:32  Baneling x6, Spire  
  106  7:33  Burrow  
  105  7:38  Overseer  
  105  7:39  Zergling x26  
  118  7:45  Zergling x2  
  118  7:46  Zergling x6  
  118  7:51  Baneling x11  
  119  7:54  Zergling x8  
  123  7:58  Zergling x4  
  123  8:04  Zergling x6  
  126  8:17  Zergling x20  
  129  8:21  Zergling x2  
  120  8:37  Zergling x18  
  122  8:46  Zergling x12  
  122  8:47  Zerg Ground Armor Level 2  
  99  8:56  Zergling x4  
  99  8:57  Zergling x6  
  99  9:07  Extractor x2  
  97  9:13  Mutalisk x6  
  102  9:18  Baneling x4  
  102  9:19  Baneling x3  
  102  9:22  Mutalisk x3  
  108  9:28  Queen  
  108  9:29  Queen  
  110  9:35  Zergling x10  
  110  9:37  Extractor  
  113  9:38  Mutalisk x2  
  113  9:39  Hatchery  
  116  9:53  Mutalisk x5  
  125  10:00  Zergling x14  
  125  10:04  Baneling x2  
  125  10:05  Zerg Flyer Weapons Level 1  
  132  10:08  Zergling x6  
  132  10:09  Zergling x2, Hatchery  
  135  10:24  Zergling x2  
  135  10:25  Overlord x4  
  135  10:27  Overlord  
  136  10:29  Overlord  
  135  10:43  Mutalisk x4  
  135  10:45  Zergling x2  
  135  10:46  Zergling x14  
  135  10:49  Drone  
  150  10:55  Overseer x2  
  150  11:02  Drone x10  
  160  11:06  Pneumatized Carapace  
  160  11:16  Drone  
  160  11:17  Drone x5  
  166  11:21  Infestation Pit  
  165  11:28  Overseer x2  
  165  11:29  Overseer x2  
  165  11:31  Zergling x34  
  182  11:33  Baneling  
  182  11:34  Baneling x7  
  182  11:46  Zergling x20  
  186  11:56  Spore Crawler  
  186  11:57  Spore Crawler x2  
  179  12:03  Hive  
  179  12:04  Infestor x3  
  179  12:05  Overlord  
  177  12:37  Zergling x44  
  177  12:40  Baneling  
  177  12:41  Baneling x14  
  167  13:23  Adrenal Glands  
  167  13:24  Zerg Ground Armor Level 3, Ultralisk Cavern, Zerg Melee Weapons Level 3  
  167  13:26  Zergling x6  
  167  13:27  Zergling x36  
  184  13:28  Baneling x10  
  183  13:43  Baneling x8  
  183  13:44  Zergling x12  
  154  14:11  Chitinous Plating  
  154  14:13  Ultralisk x3  
  154  14:14  Zergling x2  
  154  14:15  Zergling x28  
  180  14:32  Hatchery  
  180  14:36  Ultralisk  
  185  14:55  Baneling x2  
  183  15:05  Ultralisk x3  
  181  15:08  Infestor x2  
  180  15:16  Greater Spire, Overlord  
  180  15:29  Zergling x34  
  180  15:30  Baneling x35, Overlord  
  179  15:48  Zergling x36  
  144  16:05  Infestor x6  
  156  16:18  Baneling x8  
  156  16:19  Baneling x2  
  156  16:28  Hatchery  
  156  16:29  Viper x2  
  161  16:46  Zerg Flyer Armor Level 1  
  161  16:52  Baneling x5  
  161  16:53  Baneling x2  
  161  16:58  Drone x6  
  167  17:06  Hatchery  
  164  17:18  Baneling x2  
  176  17:22  Ultralisk  
  176  17:23  Ultralisk  
  175  17:39  Spore Crawler  
  175  17:41  Spore Crawler  
  173  17:47  Corruptor x3  
  179  18:03  Overseer x2  
  179  18:14  Drone x11  
  179  18:15  Drone x6  
  172  18:50  Corruptor x4  
  172  18:51  Corruptor x3  
  172  18:55  Spore Crawler  
  184  18:56  Drone x5  
  181  19:12  Drone x16  
  188  19:19  Drone x8  
  194  19:25  Zerg Flyer Armor Level 2  
  190  19:48  Infestor x4  
  190  19:49  Extractor  
  197  19:59  Spore Crawler  
  196  20:01  Extractor  
  196  20:04  Spore Crawler  
  194  20:07  Zergling x2  
  194  20:08  Zergling x8  
  194  20:10  Anabolic Synthesis  
  199  20:18  Extractor  
  198  20:29  Hatchery  
  198  20:31  Hatchery  
  194  20:48  Infestor x2  
  197  20:56  Overseer  
  195  21:05  Baneling x3  
  188  21:49  Drone  
  188  21:52  Drone, Spore Crawler  
  188  21:53  Drone x27  
  190  22:00  Hatchery  
  189  22:07  Zerg Flyer Armor Level 3  
  188  22:08  Zerg Missile Weapons Level 1  
  188  22:12  Brood Lord x6  
  189  22:36  Zergling x32  
  180  23:04  Spore Crawler x2  
  180  23:05  Brood Lord x4  
  186  23:06  Corruptor x7  
  186  23:11  Spore Crawler x2  
  198  23:13  Spine Crawler x2, Spore Crawler  
  198  23:14  Spine Crawler  
  194  23:20  Overseer  
  194  23:37  Drone  
  194  23:38  Drone x2  
  194  23:40  Extractor  
  193  23:41  Zergling x14  
  199  24:09  Hatchery  
  192  24:32  Drone x5  
  192  24:33  Drone  
  195  24:39  Zergling x2  
  195  24:43  Zerg Flyer Weapons Level 2  
  190  24:46  Infestor x4  
  173  25:08  Viper x2  
  173  25:09  Drone  
  173  25:10  Drone x2  
  173  25:11  Overlord  
  173  25:13  Spine Crawler  
  180  25:14  Zergling x24  
  189  25:30  Pathogen Glands  
  188  25:39  Drone x2  
  190  25:46  Spore Crawler  
  190  25:48  Spine Crawler  
  188  25:50  Spore Crawler  
  188  25:51  Spine Crawler  
  186  25:58  Zergling x22  
  186  25:59  Zergling x6  
  187  26:19  Hatchery  
  187  26:23  Overseer  
  182  26:26  Neural Parasite  
  170  26:55  Corruptor x11  
  188  27:06  Infestor x4  
  188  27:08  Zergling x12  
  198  27:17  Drone  
  169  27:30  Zergling x14  
  169  27:31  Zergling x8  
  179  27:39  Hatchery  
  179  27:40  Brood Lord  
  179  27:43  Brood Lord  
  180  27:44  Zergling x10  
  185  27:56  Drone x2  
  185  27:57  Drone x3  
  190  28:10  Hatchery  
  188  28:19  Zergling x20  
  185  28:28  Hatchery  
  184  28:34  Spore Crawler  
  182  28:48  Spore Crawler  
  182  28:53  Queen  
  183  28:57  Spore Crawler  
  182  29:05  Brood Lord x2  
  173  29:25  Viper  
  173  29:26  Viper  
  173  29:41  Drone x3  
  171  30:08  Zergling x2  
  171  30:09  Zergling x4  
  174  30:14  Drone x3  
  174  30:16  Drone x8  
  185  30:44  Zergling x6  
  185  30:45  Zergling x14  
  185  30:46  Baneling x2  
  181  31:08  Zergling x18  
  187  31:23  Infestor x2  
  177  31:56  Hatchery  
  174  32:03  Infestor  
  163  32:25  Infestor x3  
  169  32:46  Drone x3  
  172  33:05  Viper x2  
  178  33:24  Overseer  
  178  33:56  Infestor x10  
  178  33:57  Infestor  
  150  34:20  Hatchery  
  145  34:46  Drone x9  
  145  34:47  Drone x3  
  157  35:02  Hatchery  
  157  35:04  Queen  
  151  35:18  Zergling x6  
  154  36:11  Zergling x10  
  159  36:21  Extractor  
  158  36:28  Spore Crawler  
  158  36:29  Spore Crawler x2  
  158  36:32  Spore Crawler  
  150  36:42  Drone x8  
  145  36:56  Zergling x4  
  84  37:51  Overseer  
  87  38:21  Zergling x16  
Tags
 
Add a new tag
Caveats
  • Supply blocks, unpowered buildings, or Contaminate may cause inaccurate times.
  • Supply counts are checked every 10 seconds.